 Dungeon Crawl Stone Soup version 0.17.0-57-g0e89251 (webtiles) character file.

3106 Ijustatesigmund the Nimble (level 9, -7/47 HPs)
             Began as a Deep Elf Wizard on Dec 7, 2015.
             Was a Priest of Vehumet.
             Killed from afar by Britaniac's ghost (12 damage)
             ... with a flame tongue
             ... on level 8 of the Dungeon.
             The game lasted 00:34:36 (8723 turns).

Ijustatesigmund the Nimble (Deep Elf Wizard)        Turns: 8723, Time: 00:34:36

Health: -7/47      AC:  3    Str:  4    XL:     9   Next: 60%
Magic:  8/23       EV: 16    Int: 27    God:    Vehumet [***...]
Gold:   415        SH:  0    Dex: 13    Spells: 8 memorised, 5 levels left

rFire  + . .     SeeInvis .     y - +0 rapier (venom)
rCold  + . .     Clarity  .     a - +0 robe
rNeg   . . .     SustAt   .     (no shield)
rPois  +         Gourm    .     b - +0 hat
rElec  +         Spirit   .     (no cloak)
rCorr  +         Warding  .     (no gloves)
rMut   .         Stasis   .     h - +0 pair of boots
MR     .....                    (no amulet)
Stlth  +++.......               B - +3 ring of slaying
                                e - ring of wizardry

@: resistant, repel missiles, not resistant to hostile enchantments, fairly
stealthy
A: no striking features
a: Renounce Religion


You were on level 8 of the Dungeon.
You worshipped Vehumet.
Vehumet was most pleased with you.
You were hungry.

You visited 1 branch of the dungeon, and saw 9 of its levels.

You collected 415 gold pieces.

Inventory:

Hand Weapons
 j - a +0 dagger of draining
 y - a +0 rapier of venom (weapon)
Missiles
 H - 16 poisoned needles
Armour
 a - a +0 robe (worn)
 b - a +0 hat (worn)
 h - a +0 pair of boots (worn)
 q - a +2 leather armour of poison resistance
 G - a +2 leather armour of poison resistance
Jewellery
 e - a ring of wizardry (left hand)
 k - an uncursed ring of invisibility
 B - a +3 ring of slaying (right hand)
Wands
 u - a wand of lightning (4)
 A - a wand of frost (9)
 C - a wand of fireball (1)
Scrolls
 g - 7 scrolls of amnesia
 p - 3 scrolls of immolation
 t - 5 scrolls of remove curse
 I - 2 scrolls of identify
Potions
 f - a potion of heal wounds
 i - a potion of agility {unknown}
 l - 4 potions of curing
 m - 2 potions of might
 n - a potion of brilliance
 s - 2 potions of lignification
 v - a potion of poison {unknown}
 w - a potion of mutation {unknown}
 z - a potion of haste {unknown}
 D - a potion of magic {unknown}
 F - a potion of berserk rage {unknown}
Books
 c - a book of Minor Magic

   Spells                             Type                      Level
   a - Magic Dart                     Conjuration                  1
   b - Blink                          Translocation                2
   c - Call Imp                       Summoning                    2
   d - Repel Missiles                 Charms/Air                   2
   e - Slow                           Hexes                        2
   f - Conjure Flame                  Conjuration/Fire             3
   g - Mephitic Cloud                 Conjuration/Poison/Air       3
Comestibles
 d - 9 bread rations
 r - a royal jelly
 x - 6 meat rations
 J - 6 beef jerkies


   Skills:
 + Level 1.0 Fighting
 + Level 1.2 Short Blades
 - Level 8.7 Dodging
 - Level 6.6 Stealth
 - Level 8.0 Spellcasting
 - Level 6.4 Conjurations
 - Level 7.3 Hexes
   Level 1.1 Summonings
 - Level 2.0 Translocations
 - Level 3.0 Fire Magic


You had 5 spell levels left.
You knew the following spells:

 Your Spells              Type           Power        Failure   Level  Hunger
a - Magic Dart            Conj           ####         1%          1    None
b - Blink                 Tloc           N/A          1%          2    None
c - Repel Missiles        Chrm/Air       ##....       4%          2    None
d - Mephitic Cloud        Conj/Pois/Air  ###.....     1%          3    None
e - Conjure Flame         Conj/Fire      #####...     1%          3    None
f - Throw Flame           Conj/Fire      #####.       1%          2    None
g - Slow                  Hex            ######..     1%          2    None
h - Airstrike             Air            ##........   8%          4    ##.....


Dungeon Overview and Level Annotations

Branches:
Dungeon (9/15)             Temple (0/1) D:6
   Lair: D:8-11         Orc: D:9-12

Altars:
Cheibriados
Dithmenos
Elyvilon
Fedhas
Gozag
Kikubaaqudgha
Sif Muna
Vehumet
Yredelemnul
Zin

Annotations:
D:8 Britaniac's ghost, novice GrFE


Message History

Britaniac's ghost is moderately damaged.
Casting: Magic Dart
Confirm with . or Enter, or press ? or * to list all spells.
Aiming: Magic Dart
Press: ? - help, Shift-Dir - straight line, f/p - Britaniac's ghost
Aim: Britaniac's ghost, wielding a weapon of protection (moderately damaged)
The magic dart hits Britaniac's ghost.
Britaniac's ghost is moderately damaged.
Britaniac's ghost casts a spell at you.
The fireball explodes!
The fireball engulfs you! You resist.
You hear a shout! x4
Britaniac's ghost gestures at you while chanting.
The fireball explodes!
The fireball engulfs you! You resist.
* * * LOW HITPOINT WARNING * * *
Read which item? (? for menu, Esc to quit)
As you read the scroll of fog, it crumbles to dust.
The scroll dissolves into smoke.
Britaniac's ghost gestures at you while chanting.
The flame tongue hits you! You resist.
You die...

#.8.....#..###....#.##
#.P..8..........#....#
#...........###.#....##
#.#.....#...###........
#.###.##.........<.....
#.# #.......####.......
#.# ###§....## #.....##
#.#####§§............#
#.#..§@§.##.####....##
#.#.##§§.# ##.#.#
#.#§#W.§§># #....
#..W......... ......
##.#......##.#
.###....## # .# ##.....
.# ##.### ## ##


You could see Britaniac's ghost.

Vanquished Creatures
  Joseph (D:7)
  Menkaure (D:5)
  A necrophage (D:8)
  3 ice beasts
  2 orc warriors (D:6)
  A black bear (D:6)
  2 centaurs
  3 ogres
  3 phantoms
  3 giant frogs
  2 scorpions
  A water moccasin skeleton (D:6)
  4 crimson imps
  2 giant frog zombies
  3 hounds
  A centaur skeleton (D:6)
  An iguana (D:6)
  A giant frog skeleton (D:7)
  2 orc priests
  4 worker ants
  5 orc wizards
  A mummy (D:8)
  A hound skeleton (D:4)
  A worker ant zombie (D:7)
  10 adders
  13 gnolls
  A shadow imp (D:5)
  2 oozes
  4 worms
  4 giant geckos
  31 orcs
  5 giant cockroaches
  7 goblins
  13 hobgoblins
  7 jackals (D:5)
  3 quokkas
  9 bats
  A giant cockroach zombie (D:5)
  2 giant gecko skeletons
  4 giant newts
  6 kobolds
  A quokka skeleton (D:4)
  2 quokka zombies
  12 rats
186 creatures vanquished.

Notes
Turn   | Place    | Note
--------------------------------------------------------------
     0 | D:1      | Ijustatesigmund the Deep Elf Wizard began the quest for the Orb.
     0 | D:1      | Reached XP level 1. HP: 10/10 MP: 7/7
   218 | D:1      | Reached XP level 2. HP: 15/15 MP: 5/9
   246 | D:1      | Learned a level 2 spell: Blink
   249 | D:1      | Learned a level 2 spell: Repel Missiles
   565 | D:1      | Reached XP level 3. HP: 19/19 MP: 6/11
   646 | D:1      | Learned a level 3 spell: Mephitic Cloud
   650 | D:1      | Learned a level 3 spell: Conjure Flame
   817 | D:1      | Reached skill level 5 in Spellcasting
  1128 | D:2      | Found an ancient bone altar of Kikubaaqudgha.
  1325 | D:2      | Found an opulent altar of Gozag.
  1330 | D:2      | Found a radiant altar of Vehumet.
  1334 | D:2      | Became a worshipper of Vehumet
  1340 | D:2      | Found a shadowy altar of Dithmenos.
  1345 | D:2      | Found a glowing silver altar of Zin.
  1356 | D:2      | Found a deep blue altar of Sif Muna.
  1363 | D:2      | Found a basalt altar of Yredelemnul.
  1368 | D:2      | Found a snail-covered altar of Cheibriados.
  1550 | D:2      | Reached XP level 4. HP: 24/24 MP: 11/13
  2020 | D:3      | Noticed a giant frog
  2292 | D:2      | Killed a giant frog
  2292 | D:2      | Reached * piety under Vehumet
  2292 | D:2      | Offered knowledge of Sting by Vehumet.
  2292 | D:2      | Reached XP level 5. HP: 23/28 MP: 1/15
  2862 | D:3      | Reached skill level 6 in Spellcasting
  3119 | D:3      | Found a basalt altar of Yredelemnul.
  3342 | D:4      | Found a white marble altar of Elyvilon.
  3418 | D:4      | Noticed a phantom
  3430 | D:4      | Killed a phantom
  3430 | D:4      | Reached XP level 6. HP: 27/32 MP: 6/17
  3598 | D:4      | Offered knowledge of Flame Tongue by Vehumet.
  3697 | D:4      | Reached skill level 5 in Conjurations
  3706 | D:4      | Reached ** piety under Vehumet
  3837 | D:5      | Entered Level 5 of the Dungeon
  3879 | D:5      | Reached skill level 5 in Stealth
  3929 | D:5      | Reached XP level 7. HP: 23/36 MP: 10/19
  4108 | D:5      | Reached skill level 7 in Spellcasting
  4759 | D:5      | Noticed Menkaure
  4770 | D:5      | Killed Menkaure
  5138 | D:5      | Reached skill level 8 in Spellcasting
  5138 | D:5      | Reached XP level 8. HP: 36/41 MP: 18/22
  5182 | D:6      | Found a staircase to the Ecumenical Temple.
  5489 | D:6      | Offered knowledge of Throw Flame by Vehumet.
  5702 | D:6      | Reached skill level 5 in Dodging
  5817 | D:6      | Learned a level 2 spell: Throw Flame
  5820 | D:6      | Learned a level 2 spell: Slow
  5829 | D:6      | Reached skill level 1 in Hexes
  5829 | D:6      | Reached skill level 1 in Fire Magic
  6170 | D:6      | Reached *** piety under Vehumet
  7049 | D:7      | Noticed Joseph
  7081 | D:8      | Noticed Britaniac's ghost (novice GrFE)
  7243 | D:7      | Reached XP level 9. HP: 45/45 MP: 15/23
  7281 | D:7      | Reached skill level 5 in Hexes
  7628 | D:7      | Offered knowledge of Airstrike by Vehumet.
  7634 | D:7      | Learned a level 4 spell: Airstrike
  7783 | D:7      | Killed Joseph
  8381 | D:8      | Reached skill level 1 in Fighting
  8381 | D:8      | Reached skill level 1 in Short Blades
  8511 | D:9      | Found a blossoming altar of Fedhas.
  8723 | D:8      | Killed from afar by Britaniac's ghost

Action                   |  1- 3 |  4- 6 |  7- 9 || total
-------------------------+-------+-------+-------++-------
Melee: Short sword       |     1 |     1 |       ||     2
       Rapier            |       |     1 |    70 ||    71
 Cast: Magic Dart        |    86 |   160 |   331 ||   577
       Repel Missiles    |     2 |       |       ||     2
       Blink             |       |     9 |     6 ||    15
       Mephitic Cloud    |       |     7 |    23 ||    30
       Conjure Flame     |       |       |     7 ||     7
       Throw Flame       |       |       |    33 ||    33
       Slow              |       |       |     1 ||     1
 Abil: Evoke Invisibilit |       |       |     1 ||     1
Evoke: Wand              |       |       |     4 ||     4
  Use: Scroll            |     5 |     8 |     4 ||    17
       Potion            |       |       |     5 ||     5
 Stab: Sleeping          |     1 |       |     4 ||     5
       Invisible         |       |       |     5 ||     5
  Eat: Chunk             |     2 |     2 |    10 ||    14
       Bread ration      |       |     1 |       ||     1
       Royal jelly       |       |       |     2 ||     2
       Beef jerky        |       |       |     1 ||     1
